 Dungeon Crawl Stone Soup version 0.30-a0-137-gd8773701ce (webtiles) character file.

Game seed: 2176411582345762680

277 KennySheep the Slasher (level 5, -1/44 HPs)
             Began as a Demigod Gladiator on Sept 24, 2022.
             Slain by a phantom (6 damage)
             ... on level 5 of the Dungeon.
             The game lasted 00:10:15 (4151 turns).

KennySheep the Slasher (Demigod Gladiator)          Turns: 4151, Time: 00:10:16

Health: -1/44      AC:  8    Str: 15    XL:     5   Next: 74%
Magic:  7/7        EV: 11    Int: 10    God:
Gold:   196        SH:  0    Dex: 22    Spells: 4/4 levels left

rFire   . . .      SeeInvis .    a - +0 long sword
rCold   . . .      Faith    .    (no shield)
rNeg    . . .      Spirit   .    n - +1 scale mail of Anarchy {Rampage Dex+3}
rPois   .          Reflect  .    c - +0 helmet
rElec   .          Harm     .    (no cloak)
rCorr   .          Rampage  +    (no gloves)
Will    .....                    (no boots)
Stlth   +.........               (no amulet)
HPRegen 0.14/turn                (no ring)
MPRegen 0.10/turn                (no ring)

@: no status effects
A: high MP 1, forlorn, divine attributes, hooves 1
a: no special abilities


You were on level 5 of the Dungeon.
You visited 1 branch of the dungeon, and saw 5 of its levels.

You collected 196 gold pieces.

Inventory:

Hand Weapons
 a - a +0 long sword (weapon)
Missiles
 d - 3 throwing nets (quivered)
 e - 5 javelins
Armour
 b - a +0 leather armour
 c - a +0 helmet (worn)
 n - the +1 scale mail of Anarchy (worn) {Rampage Dex+3}
   (You found it on level 2 of the Dungeon)

   Dex:       It affects your dexterity (+3).
   Rampage:   It bestows one free step when moving towards enemies.
Jewellery
 m - the amulet "Efivverr" {Faith rF- Str+6}
   (You found it on level 2 of the Dungeon)

   [amulet of faith]

   It allows you to gain divine favour quickly.
   Str:       It affects your strength (+6).
   rF:        It makes you vulnerable to fire.
Scrolls
 f - a scroll of enchant armour {unknown}
 h - 3 scrolls of identify
 j - a scroll of fog {unknown}
 l - a scroll of vulnerability {unknown}
 p - a scroll of silence {unknown}
 q - a scroll of torment {unknown}
 t - a scroll of summoning {unknown}
 w - a scroll of magic mapping {unknown}
 x - a scroll of poison {unknown}
Potions
 g - 2 potions of flight
 i - 2 potions of lignification
 k - a potion of attraction {unknown}
 o - 5 potions of curing
 r - a potion of resistance {unknown}
 s - a potion of haste {unknown}
 u - a potion of invisibility
 v - a potion of mutation


   Skills:
 + Level 2.8 Fighting
 * Level 4.1 Long Blades
 - Level 1.7 Throwing
 + Level 2.0 Armour
 + Level 3.6 Dodging
 * Level 1.8 Stealth


You had 4 spell levels left.
You didn't know any spells.
Your spell library contained the following spells:

 Spells                   Type           Power      Damage    Failure   Level
 Freeze                   Ice            0%         1d3       83%         1
 Ensorcelled Hibernation  Hex/Ice        0%         N/A       92%         2
 Passwall                 Tmut/Erth      0%         N/A       92%         2
 Sublimation of Blood     Necr           0%         N/A       92%         2
 Frozen Ramparts          Ice            0%         1d1       99%         3
 Gell's Gravitas          Tloc           0%         N/A       99%         3
 Portal Projectile        Hex/Tloc       0%         N/A       99%         3
 Swiftness                Air            0%         N/A       99%         3
 Teleport Other           Tloc           0%         N/A       99%         3
 Tukima's Dance           Hex            0%         N/A       99%         3
 Hailstorm                Conj/Ice       0%         3d3       100%        4
 Petrify                  Tmut/Erth      0%         N/A       100%        4
 Blade Hands              Tmut           0%         N/A       100%        5
 Irradiate                Conj/Tmut      0%         3d11      100%        5
 Dispersal                Tloc           0%         N/A       100%        6


Dungeon Overview and Level Annotations

Branches:
Dungeon (5/15)
 Temple: D:4-7


Innate Abilities, Weirdness & Mutations

You have an increased reservoir of magic. (+10% MP)
You shall have no god before yourself.
Your divine heritage dramatically boosts your attributes as you level up.
You have large cloven feet.


Message History

You closely miss the scorpion. You kick the scorpion.
The scorpion is severely wounded.
The scorpion closely misses you.
The scorpion stings you but does no damage.
The phantom barely misses you.
You hit the scorpion but do no damage.
You kick the scorpion, but do no damage.
The scorpion is severely wounded.
The scorpion stings you but does no damage.
The phantom closely misses you.
You hit the scorpion but do no damage.
The scorpion is severely wounded.
The scorpion stings you but does no damage.
The phantom barely misses you.
The scorpion stings you but does no damage.
You hit the scorpion.
The scorpion is severely wounded.
The phantom hits you.
The scorpion stings you but does no damage.
You hit the scorpion.
The scorpion is severely wounded.
The phantom hits you.
The phantom blinks!
You blink.
The scorpion barely misses you.
The phantom hits you but does no damage.
You barely miss the scorpion.
The scorpion is severely wounded.
The scorpion stings you but does no damage.
The phantom hits you.
* * * LOW HITPOINT WARNING * * *
You hit the scorpion but do no damage.
The scorpion is severely wounded.
The scorpion stings you.
* * * LOW HITPOINT WARNING * * *
The phantom hits you.
* * * LOW HITPOINT WARNING * * *
The phantom blinks!
You blink.
You closely miss the phantom.
The phantom is lightly damaged.
The phantom hits you.
You die...

#...# #...# #...#
#...# ##
#...######.#
#...#....ยง.#.#.#
#<..#.#.......#
###..##.s#.#$##
#..##..@#.#..#
####..W.>....#
#....:..#..#
#........## #
#..............
##.....#.......
#.....##.#......
.....# #.#......
..... .# ....


You could see a phantom and a scorpion.

Vanquished Creatures
  A scorpion (D:4)
  2 hounds (D:4)
  A jelly (D:4)
  5 adders
  4 worms
  11 ball pythons
  4 bats
  7 endoplasms
  2 giant cockroaches
  5 goblins
  6 hobgoblins
  4 jackals (D:2)
  2 quokkas
  3 frilled lizards (D:2)
  8 kobolds
  13 rats
78 creatures vanquished.

Notes
Turn   | Place    | Note
-------+----------+-------------------------------------------
     0 | D:1      | KennySheep the Demigod Gladiator began the quest for the
                  | Orb.
     0 | D:1      | Reached XP level 1. HP: 17/17 MP: 3/3
   372 | D:1      | Reached skill level 3 in Long Blades
   372 | D:1      | Reached XP level 2. HP: 24/24 MP: 4/4
  1620 | D:2      | Reached skill level 1 in Armour
  1620 | D:2      | Reached XP level 3. HP: 27/29 MP: 5/5
  1974 | D:2      | Identified the amulet "Efivverr" {Faith rF- Str+6}
  2217 | D:2      | Identified the +1 scale mail of Anarchy {Rampage Dex+3}
  2429 | D:2      | Reached XP level 4. HP: 36/36 MP: 6/6
  3406 | D:4      | Reached skill level 1 in Stealth
  3521 | D:4      | Reached XP level 5. HP: 20/42 MP: 7/7
  3547 | D:4      | Gained mutation: You have large cloven feet. [potion of
                  | mutation]
  3587 | D:4      | Reached skill level 4 in Long Blades
  4125 | D:5      | Entered Level 5 of the Dungeon
  4151 | D:5      | Slain by a phantom

Illustrated notes

Levels and vault maps discovered:
D:1:      spicycebolla_green_bress_n_ham, layout_basic, kennysheep_another_room
D:2:      layout_loops_ring, basic_altar, hellmonk_ecumenical_altar_run_dry
D:3:      layout_loops_ring, fedhas_altar_fruit_tree, lemuel_tele_altar
D:4:      layout_cave_pools, mainiacjoe_overflow_paths
D:5:      layout_basic, mainiacjoe_overflow_alcove_4, grunt_decor_resistance,
          minmay_crossroads

Skill      XL: |  1  2  3  4  5 |
---------------+----------------+-----
Fighting       | 2 |  2.8
Long Blades    | 3 4 |  4.1
Dodging        | 3 |  3.6
Armour         | 1 2 |  2.0
Stealth        | 1 |  1.8
Throwing       | |  1.7

Action                   |  1- 3 |  4- 6 || total
-------------------------+-------+-------++-------
Melee: Long sword        |   169 |    94 ||   263
       Punch             |     1 |       ||     1
       Kick              |       |    14 ||    14
  Use: Scroll            |     1 |       ||     1
       Potion            |     2 |     4 ||     6
 Stab: Sleeping          |     1 |       ||     1
       Invisible         |       |     2 ||     2
Armor: Leather armour    |    58 |       ||    58
       Scale mail        |     4 |    35 ||    39
Dodge: Dodged            |   117 |    71 ||   188

Table legend: (Time is in decaauts)
 A = Elapsed time spent in this place.
 B = Non-inter-level travel time spent in this place.
 C = Inter-level travel time spent in this place.
 D = Time resting spent in this place.
 E = Time spent auto-exploring this place.
 F = Levels seen in this place.
 G = Mean time per level.
                   A        B        C        D        E       F      G
               +--------+--------+--------+--------+--------+-----+--------+
         Total |   4210 |   4089 |    121 |    836 |   2633 |   5 |  842.0 |
       Dungeon |   4210 |   4089 |    121 |    836 |   2633 |   5 |  842.0 |
               +--------+--------+--------+--------+--------+-----+--------+

Top non-repeatable levels by time:
     D:1: 1574 daAuts
     D:2: 1058 daAuts
     D:4: 867 daAuts
     D:3: 681 daAuts
     D:5: 28 daAuts
